 Dungeon Crawl Stone Soup version 0.29-a0-286-g41199d4a87 (webtiles) character file.

Game seed: 3826897055235671946

57 esteth the Ducker (level 4, -1/31 HPs)
             Began as an Octopode Fighter on Mar 16, 2022.
             Slain by an orc wizard
             ... wielding a +0 dagger
              (5 damage)
             ... on level 3 of the Dungeon.
             The game lasted 00:02:35 (2128 turns).

esteth the Ducker (Octopode Fighter)                Turns: 2128, Time: 00:02:36

Health: -1/31      AC:  1    Str: 15    XL:     4   Next: 0%
Magic:  4/4        EV: 13    Int: 12    God:
Gold:   173        SH:  4    Dex: 11    Spells: 3/3 levels left

rFire   . . .      SeeInvis .     - Unarmed
rCold   . . .      Faith    .   a - +0 buckler
rNeg    . . .      Spirit   .   (helmet restricted)
rPois   .          Reflect  .   (no amulet)
rElec   .          Harm     .   Z - ring of wizardry
rCorr   .          Rampage  .   (no ring)
Will    .....                   (no ring)
Stlth   +++.......              (no ring)
HPRegen 0.10/turn               (no ring)
MPRegen 0.09/turn               (no ring)
                                (no ring)
                                (no ring)

@: mighty
A: almost no armour, amphibious, 8 rings, camouflage 1, gelatinous body 1,
(nimble swimmer 1), tentacles
a: no special abilities


You were on level 3 of the Dungeon.
You visited 1 branch of the dungeon, and saw 3 of its levels.

You collected 173 gold pieces.


Innate Abilities, Weirdness & Mutations

You cannot wear most types of armour.
You are amphibious.
You can wear up to eight rings at the same time.
Your skin changes colour to match your surroundings (Stealth+).
Your rubbery body absorbs attacks. (AC +1, EV +1)
((You are camouflaged when in or above water. (Stealth+)))
You have tentacles for arms and can constrict up to eight enemies at once.


   Skills:
 - Level 3.0 Fighting
 + Level 3.6 Dodging
 + Level 2.7 Stealth
 + Level 3.6 Shields
 - Level 2.0 Unarmed Combat


You had 3 spell levels left.
You didn't know any spells.
Your spell library contained the following spells:

 Spells                   Type           Power      Damage    Failure   Level
 Summon Small Mammal      Summ           0%         N/A       17%         1
 Call Canine Familiar     Summ           0%         N/A       45%         3
 Summon Guardian Golem    Hex/Summ       0%         N/A       45%         3

Inventory:

Missiles
 c - 56 stones (quivered)
 f - 3 curare-tipped darts {=f}
 h - 4 javelins
 i - a throwing net {=f!f}
Armour
 a - a +0 buckler (worn)
Magical Staves
 g - a staff of earth {!a}
   (You found it on level 1 of the Dungeon)
Jewellery
 Z - a ring of wizardry (left tentacle)
   (You found it on level 2 of the Dungeon)
Scrolls
 j - 2 scrolls of teleportation {unknown}
 l - a scroll of enchant armour {unknown}
 o - a scroll of fog {unknown}
Potions
 b - a potion of might
 d - 2 potions of curing {unknown}
 e - a potion of attraction {unknown}
 k - a potion of degeneration {unknown}
 m - a potion of heal wounds {unknown}
 n - a potion of flight {unknown}

Dungeon Overview and Level Annotations

Branches:
Dungeon (3/15)

Altars:
Fedhas

#.# ...#..# ..
##.####..#..## ###.
#........#...####
##>..##................
##.....#......##.....###
#.............#..##..##.
#.......##.!.....##...#.
#...........####.###..#.
#....o@.##..# #..##....
#.....#o###.# #.###..#
#......).# .# .###...
#........# .# ..#.#.
#........# .# #.#<..
##.....#.# #.#...
##...##.. ##<..## ####
#.# #....## #.. #.##...


You could see an orc wizard and an orc.


Message History

A kobold comes into view. It is wielding a +0 whip.
You closely miss the kobold. Your grab misses the kobold.
The kobold hits you with a +0 whip. 😕 HP[-5]
You take 5 damage, and now have 21/26 hp.
You tentacle-slap the kobold but do no damage.
Your grab misses the kobold. The kobold barely misses you.
You tentacle-slap the kobold but do no damage.
Your grab misses the kobold. You block the kobold's attack.
You tentacle-slap the kobold but do no damage.
You grab the kobold.
You constrict the kobold, but do no damage.
The kobold misses you.
You barely miss the kobold. You constrict the kobold.
The kobold closely misses you.
You tentacle-slap the kobold.
You kill the kobold!
No target in view!
c - 54 stones (gained 2)
You now have 173 gold pieces (gained 7).
Things that are here:
a +0 whip; a +0 chain mail; a kobold corpse 😎 HP[+5]
Your hp is fully restored (26).
A kobold comes into view. It is wielding a +0 dagger.
A kobold is nearby!
Found a stone staircase leading down.
The helpless kobold fails to defend itself.
You tentacle-slap the kobold but do no damage.
Your grab misses the kobold. You block the kobold's attack.
You miss the kobold. You grab the kobold. You squeeze the kobold.
You kill the kobold!
No target in view!
c - 56 stones (gained 2)
Things that are here:
a +0 dagger; a kobold corpse
There is a stone staircase leading down here.
An orc wizard comes into view. It is wielding a +0 dagger.
An orc comes into view. It is wielding a +0 mace.
Found a stone staircase leading down.
An orc and an orc wizard come into view.
You block the orc's attack.
The orc shouts!
You tentacle-slap the orc. You grab the orc.
You constrict the orc, but do no damage.
The orc wizard shouts! x2
The orc hits you with a +0 short sword. 😕 HP[-1]
You take 1 damage, and now have 25/26 hp.
You tentacle-slap the orc but do no damage.
You constrict the orc, but do no damage.
The orc closely misses you. The orc barely misses you.
You tentacle-slap the orc but do no damage.
You squeeze the orc, but do no damage.
You constrict the orc, but do no damage.
The orc hits you with a +0 mace! The orc closely misses you. 😮 HP[-8]
You take 8 damage, and now have 17/26 hp.
MASSIVE DAMAGE!! (PAUSE)
You barely miss the orc.
You constrict the orc, but do no damage.
You block the orc's attack.
The orc wizard casts a spell.
The orc wizard flickers and vanishes!
Deactivating autopickup; reactivate with Ctrl-A.
The orc misses you.
You tentacle-slap the orc but do no damage.
You constrict the orc. You block the orc's attack.
The orc hits you with a +0 short sword. 😮 HP[-1]
You take 1 damage, and now have 16/26 hp.
You tentacle-slap the orc but do no damage.
You constrict the orc.
You kill the orc!
The orc hits you with a +0 short sword.
* * * LOW HITPOINT WARNING * * *
You have reached level 4! 😨 HP[-1] MP[+1]
You now have 31 max hp (+5).
Your mp is fully restored (4).
Something hits you.
* * * LOW HITPOINT WARNING * * *
The orc attacks as you move away! The orc hits you with a +0 short sword.
* * * LOW HITPOINT WARNING * * *
😨 HP[-5]
You take 5 damage, and now have 10/31 hp.
You barely miss the orc wizard. Your grab misses the orc wizard.
Something hits you.
* * * LOW HITPOINT WARNING * * *
The orc wizard points at you and mumbles some strange words.
You resist with some effort. 😱 HP[-3]
You take 3 damage, and now have 7/31 hp.
You closely miss the orc wizard. Your grab misses the orc wizard.
The orc wizard hits you with a +0 dagger.
* * * LOW HITPOINT WARNING * * *
😱 HP[-3]
You take 3 damage, and now have 4/31 hp.
You feel very mighty all of a sudden. Something hits you.
You die...

Skill      XL: |  1  2 |
---------------+-------+-----
Stealth        | 1 2 |  2.7
Fighting       | |  3.0
Dodging        | |  3.6
Shields        | |  3.6
Unarmed Combat | |  2.0

Action                   |  1- 3 |  4- 6 || total
-------------------------+-------+-------++-------
Melee: Unarmed           |    78 |     2 ||    80
       Tentacles         |    19 |       ||    19
       Constrict         |    17 |       ||    17
       Punch             |     2 |       ||     2
  Use: Potion            |       |     1 ||     1
 Stab: Sleeping          |     6 |       ||     6
Armor: Skin              |     2 |       ||     2
Dodge: Dodged            |    47 |       ||    47
Block: Buckler           |    18 |       ||    18

Levels and vault maps discovered:
D:1:      dpeg_arrival_solitude, layout_basic
D:2:      layout_basic, basic_altar, nicolae_ecumenical_oubliette
D:3:      layout_rooms, minmay_rat_hole

Notes
Turn   | Place    | Note
-------+----------+-------------------------------------------
     0 | D:1      | esteth the Octopode Fighter began the quest for the Orb.
     0 | D:1      | Reached XP level 1. HP: 16/16 MP: 1/1
     0 | D:1      | magus.rc [v1.11.3]
   280 | D:1      | Reached skill level 1 in Stealth
   354 | D:1      | You pick up a book of Callings and begin reading...
   354 | D:1      | You add the spells Summon Small Mammal, Call Canine
                  | Familiar and Summon Guardian Golem to your library.
   381 | D:1      | Reached XP level 2. HP: 18/21 MP: 2/2
   985 | D:2      | Found a faded altar of an unknown god.
  1322 | D:2      | Reached skill level 2 in Stealth
  1322 | D:2      | Reached XP level 3. HP: 26/26 MP: 3/3
  1739 | D:2      | Found a blossoming altar of Fedhas.
  2125 | D:3      | Reached XP level 4. HP: 15/31 MP: 4/4
  2126 | D:3      | HP: 7/31 [something (3)]
  2128 | D:3      | Slain by an orc wizard

Vanquished Creatures
  2 adders (D:2)
  An orc (D:3)
  5 endoplasms (D:1)
  A giant cockroach (D:2)
  4 goblins
  4 hobgoblins
  3 jackals (D:2)
  A quokka (D:1)
  3 ball pythons
  6 bats
  A frilled lizard (D:1)
  3 kobolds
34 creatures vanquished.

Table legend:
 A = Non-vault XP
 B = Vault XP
 C = Vault XP percentage of total XP
 D = Non-vault monster count
 E = Vault monster count
 F = Vault count percentage of total count
                 A         B        C        D         E       F
            +---------+---------+-------+---------+---------+-------
      Total |      82 |       0 |   0.0 |      34 |       0 |   0.0
            +---------+---------+-------+---------+---------+-------
        D:1 |      24 |       0 |   0.0 |      14 |       0 |   0.0
        D:2 |      48 |       0 |   0.0 |      14 |       0 |   0.0
        D:3 |      10 |       0 |   0.0 |       6 |       0 |   0.0
            +---------+---------+-------+---------+---------+-------

Illustrated notes

Table legend:
 A = Kills in this place as a percentage of kills in entire the game.
 B = Kills by you in this place as a percentage of kills by you in the entire game.
 C = Kills by friends in this place as a percentage of kills by friends in the entire game.
 D = Other kills in this place as a percentage of other kills in the entire game.
 E = Experience gained in this place as a percentage of experience gained in the entire game.
 F = Experience gained in this place divided by the number of levels of this place that you have seen.
                   A       B       C       D       E      F
               +-------+-------+-------+-------+-------+----------------------
         Total | 100.0 | 100.0 |   N/A |   N/A | 100.0 |  27.3
       Dungeon | 100.0 | 100.0 |   N/A |   N/A | 100.0 |  27.3
               +-------+-------+-------+-------+-------+----------------------

Table legend: (Time is in decaauts)
 A = Elapsed time spent in this place.
 B = Non-inter-level travel time spent in this place.
 C = Inter-level travel time spent in this place.
 D = Time resting spent in this place.
 E = Time spent auto-exploring this place.
 F = Levels seen in this place.
 G = Mean time per level.
                   A        B        C        D        E       F      G
               +--------+--------+--------+--------+--------+-----+--------+
         Total |   2127 |   2050 |     77 |    120 |   1666 |   3 |  709.0 |
       Dungeon |   2127 |   2050 |     77 |    120 |   1666 |   3 |  709.0 |
               +--------+--------+--------+--------+--------+-----+--------+

Top non-repeatable levels by time:
     D:1: 994 daAuts
     D:2: 850 daAuts
     D:3: 282 daAuts
